 Dungeon Crawl Stone Soup version 0.28.0-53-g5a82cb258f (webtiles) character file.

Game seed: 5395048134244559947

28 thriggle the Vexing (level 3, -23/27 HPs)
             Began as a Barachi Arcane Marksman on June 16, 2022.
             Killed by an exploding goblin (29 damage)
             ... ignited by their inner flame
             ... on level 2 of the Dungeon.
             The game lasted 00:05:44 (859 turns).

thriggle the Vexing (Barachi Arcane Marksman)        Turns: 859, Time: 00:05:45

Health: -23/27     AC:  2    Str: 11    XL:     3   Next: 14%
Magic:  5/5        EV: 12    Int: 15    God:
Gold:   58         SH:  0    Dex: 12    Spells: 4/5 levels left

rFire   . . .      SeeInvis .   f - +3 short sword
rCold   . . .      Faith    .   (no shield)
rNeg    . . .      Spirit   .   d - +0 robe
rPois   .          Reflect  .   (no helmet)
rElec   .          Harm     .   (no cloak)
rCorr   .          Rampage  .   (no gloves)
Will    .....                   (no boots)
Stlth   +.........              (no amulet)
HPRegen 0.09/turn               (no ring)
MPRegen 0.09/turn               (no ring)

@: unable to hop, slow
A: amphibious, slowness 1, strong legs 1, +LOS
a: Hop


You were on level 2 of the Dungeon.
You visited 1 branch of the dungeon, and saw 2 of its levels.

You collected 58 gold pieces.

Inventory:

Hand Weapons
 a - a +0 hunting sling
 f - a +3 short sword (weapon)
 i - a +2 dagger of draining
Missiles
 c - 19 sling bullets
 e - 45 stones (quivered)
Armour
 d - a +0 robe (worn)
Scrolls
 l - a scroll of fog
Potions
 b - a potion of heal wounds


   Skills:
 + Level 1.8 Fighting
 + Level 0.3 Long Blades
 + Level 2.3 Slings
 + Level 2.5 Dodging
 + Level 0.8 Stealth
 + Level 1.5 Spellcasting
 + Level 3.4 Hexes


You had 4 spell levels left.
You knew the following spells:

 Your Spells              Type           Power      Damage    Failure   Level
a - Slow                  Hex            44%        N/A       5%          1

Your spell library contained the following spells:

 Spells                   Type           Power      Damage    Failure   Level
 Inner Flame              Hex/Fire       6%         N/A       34%         3
 Portal Projectile        Hex/Tloc       12%        N/A       34%         3
 Cause Fear               Hex            5%         N/A       50%         4


Dungeon Overview and Level Annotations

Branches:
Dungeon (2/15)

Altars:

Annotations:
D:2 Robin


Innate Abilities, Weirdness & Mutations

You are amphibious.
You cover ground slowly.
You can hop short distances.
You have an extended range of vision and can be seen from far away.


Message History

It was a scroll of immolation.
The goblin no longer looks unusually strong.
The goblin barely misses you. The hobgoblin hits you.
* * * LOW HITPOINT WARNING * * *
Hop to where?
Press: ? - help, Dir - move target, p - hobgoblin Boing!
Robin roars a battlecry!
The goblin goes into a battle-frenzy!
It was a potion of heal wounds.
You feel much better. Robin throws the goblin at you!
The goblin closely misses you. The goblin closely misses you.
The goblin closely misses you.
It was a potion of curing.
You feel better. The goblin closely misses you.
It was a potion of attraction.
You feel attractive to monsters. The goblin hits you with a +0 club.
The goblin closely misses you. Robin is attracted toward you.
It was a potion of cancellation.
Your magical effects are unravelling.
You feel magically purged. The hobgoblin closely misses you.
The goblin misses you. The goblin completely misses you.
Robin is attracted toward you. The hobgoblin is attracted toward you.
You feel less attractive to monsters.
The goblin no longer looks unusually strong.
The hobgoblin no longer looks unusually strong.
The goblin no longer looks unusually strong.
The hobgoblin hits you! Robin throws the goblin at you!
Okay, then.
You aren't carrying any items that you can evoke.
The goblin completely misses you. The goblin hits you with a +0 club.
Robin throws the goblin at you! The goblin hits you with a +0 club.
* * * LOW HITPOINT WARNING * * *
The goblin hits you with a +0 club.
* * * LOW HITPOINT WARNING * * *
You puncture the goblin!
The goblin explodes!
The fiery explosion engulfs you!!
Ouch! That really hurt!
You die...

#. #.....# #.# #.
#.....###.# #.
#######......##.#
#.##..........#.##.########
#...............)..........
#..#......[......#.########
#######..#.....g.......#.#
#...<
.........#....gg§.§......#
#.#.#
#####'#...gg.@§§......#
#.#..
#............###......#
#.###
#..........######.....#
#....
#..........##..........#
#####
#####.#######........>..
#..g.gg.g...........
#########..........
##.#######. #.#


You could see Robin (inner flame), 2 hobgoblins and 2 goblins.

Vanquished Creatures
  3 ball pythons (D:1)
  6 endoplasms (D:1)
  2 giant cockroaches (D:1)
  4 goblins
  3 hobgoblins (D:1)
  A quokka (D:1)
  3 bats (D:1)
  3 kobolds
  A rat (D:1)
26 creatures vanquished.

Notes
Turn   | Place    | Note
-------+----------+-------------------------------------------
     0 | D:1      | thriggle the Barachi Arcane Marksman began the quest for
                  | the Orb.
     0 | D:1      | Reached XP level 1. HP: 15/15 MP: 2/2
    98 | D:1      | Reached XP level 2. HP: 21/21 MP: 3/3
   449 | D:1      | Reached XP level 3. HP: 27/27 MP: 3/5
   825 | D:2      | Noticed Robin
   859 | D:2      | Killed by an exploding goblin... ignited by their inner
                  | flame

Illustrated notes

Levels and vault maps discovered:
D:1:      heliophobic_arrival_glass_houses, layout_rooms
D:2:      layout_basic, uniq_robin, uniq_jessica, uniq_crazy_yiuf_cottage

Action                   || total
-------------------------++-------
Melee: Short sword       ||    30
       Punch             ||     1
 Fire: Hunting sling     ||    61
Throw: Stone             ||     1
 Cast: Slow              ||    17
 Abil: Hop               ||     1
  Use: Potion            ||     4
       Scroll            ||     2
Armor: Robe              ||    22
Dodge: Dodged            ||    63
